 Dungeon Crawl Stone Soup version 0.18.1-48-g4cf74bf (console) character file.

65 Kloppie the Covered (level 4, 0/28 HPs)
             Began as a Gargoyle Fighter on June 27, 2016.
             Slain by an orc
             ... wielding a +0 trident
              (3 damage)
             ... on level 2 of the Dungeon.
             The game lasted 00:02:30 (1319 turns).

Kloppie the Covered (Gargoyle Fighter)              Turns: 1319, Time: 00:02:31

Health: 0/28       AC: 10    Str: 25    XL:     4   Next: 13%
Magic:  4/4        EV: 10    Int:  8    God:
Gold:   51         SH:  0    Dex: 10    Spells: 0 memorised, 3 levels left

rFire  . . .     SeeInvis .     a - +0 flail
rCold  . . .     Gourm    .     b - +0 scale mail
rNeg   + . .     Faith    .     (no shield)
rPois  ∞         Spirit   .     (no helmet)
rElec  +         Dismiss  .     (no cloak)
rCorr  .         Reflect  .     (no gloves)
SustAt .         Harm     .     (no boots)
MR     .....                    (no amulet)
Stlth  ..........               (no ring)
                                (no ring)

@: mighty, not resistant to hostile enchantments, extremely unstealthy
A: negative energy resistance 1, electricity resistance, unbreathing,
petrification resistance, rot immunity, AC +3
a: no special abilities


You were on level 2 of the Dungeon.
You were hungry.

You visited 1 branch of the dungeon, and saw 4 of its levels.

You collected 51 gold pieces.

Inventory:

Hand Weapons
 a - a +0 flail (weapon)
Armour
 b - a +0 scale mail (worn)
 c - a +0 shield
 u - a +0 chain mail
Jewellery
 o - an uncursed amulet of rage {unknown}
Scrolls
 e - 2 scrolls of teleportation {unknown}
 g - a scroll of blinking {unknown}
 h - a scroll of random uselessness {unknown}
 j - 3 scrolls of remove curse {unknown}
 k - a scroll of immolation {unknown}
 n - a scroll of amnesia {unknown}
 s - a scroll of enchant armour {unknown}
Potions
 i - 2 potions of curing {unknown}
 l - 2 potions of agility {unknown}
 m - a potion of flight {unknown}
 p - a potion of lignification {unknown}
 q - a potion of invisibility {unknown}
 r - a potion of mutation {unknown}
Comestibles
 f - 4 bread rations
 t - a beef jerky


   Skills:
 - Level 3.2 Fighting
 + Level 3.2 Maces & Flails
 + Level 4.4 Armour
 - Level 3.2 Shields


You had 3 spell levels left.
You didn't know any spells.

Dungeon Overview and Level Annotations

Branches:
Dungeon (4/15)
 Temple: D:4-7

Altars:
Trog


Innate Abilities, Weirdness & Mutations

You are resistant to torment.
Your stone body is resilient (AC +3).
You are immune to poison.
You resist negative energy.
You are resistant to electric shocks.
You can survive without breathing.
You are immune to petrification.
You are immune to rotting.


Message History

The gnoll hits you but does no damage. The orc hits you but does no damage.
You thump the gnoll!
The gnoll is severely wounded.
The gnoll misses you. The gnoll closely misses you. The orc closely misses you.
The gnoll hits you but does no damage.
You sock the gnoll!
You kill the gnoll!
The gnoll hits you but does no damage. The orc barely misses you.
You sock the gnoll!
The gnoll is almost dead.
The gnoll hits you with a spear.
* * * LOW HITPOINT WARNING * * *
The orc hits you with a trident.
* * * LOW HITPOINT WARNING * * *
You sock the gnoll!
You kill the gnoll!
You have reached level 4!
You feel stronger. The orc hits you with a trident.
You die...

### #.# ##.....#
#.# #.# ###...##
#.# #.# #...## #.#
#.# ###.## #.# #.#
#######..... #.#
#.#####.......#.##
#.#
##.......#######...
#.#####.o#######
#..# #.##.<.)@#
####...
####.##.###)#
##....##
#.........#.#
###..#####
#.........#.#
#.(.####..
#.........#.#
#...###..#
####..#####.#
#.......## #..#
#.### ###.......#
#..#
##...###...#..#..#
#..#
#.._..#..###..##.##


You could see an orc.

Vanquished Creatures
  3 gnolls (D:2)
  An ooze (D:1)
  A giant gecko (D:4)
  4 giant cockroaches
  4 goblins
  4 hobgoblins
  3 jackals (D:1)
  A kobold (D:1)
  5 bats
  A giant newt (D:1)
  3 rats
30 creatures vanquished.

Notes
Turn   | Place    | Note
--------------------------------------------------------------
     0 | D:1      | Kloppie the Gargoyle Fighter began the quest for the Orb.
     0 | D:1      | Reached XP level 1. HP: 14/14 MP: 1/1
    45 | D:1      | Reached XP level 2. HP: 19/19 MP: 2/2
   386 | D:1      | Reached skill level 4 in Armour
   396 | D:1      | Reached XP level 3. HP: 19/23 MP: 3/3
   701 | D:2      | Found a bloodstained altar of Trog.
   792 | D:2      | You fall through a shaft for 2 floors!
  1319 | D:2      | Reached XP level 4. HP: 2/28 MP: 4/4
  1319 | D:2      | Slain by an orc

Skill      XL: |  1  2  3 |
---------------+----------+-----
Armour         | 4 |  4.4
Maces & Flails | 3 |  3.2
Fighting       | |  3.2
Shields        | |  3.2

Action                   |  1- 3 |  4- 6 || total
-------------------------+-------+-------++-------
Melee: Flail             |   128 |       ||   128
  Use: Potion            |     1 |       ||     1
  Eat: Chunk             |     1 |       ||     1
Armor: Scale mail        |    96 |       ||    96
Dodge: Dodged            |    89 |       ||    89
